 Dungeon Crawl Stone Soup version 0.22.0-13-g43fe8f24b8 (webtiles) character file.

60 Oravi the Grave Robber (level 4, -5/33 HPs)
             Began as a Ghoul Necromancer on Aug 16, 2018.
             Killed from afar by an orc wizard (11 damage)
             ... with a puff of flame
             ... on level 3 of the Dungeon.
             The game lasted 00:09:52 (1883 turns).

Oravi the Grave Robber (Ghoul Necromancer)          Turns: 1883, Time: 00:09:52

Health: -5/33      AC:  2    Str: 11    XL:     4   Next: 4%
Magic:  1/6        EV: 12    Int: 11    God:
Gold:   169        SH:  0    Dex:  9    Spells: 5/7 levels left

rFire    . . .     SeeInvis .     - Unarmed
rCold    + . .     Gourm    .   (no shield)
rNeg     + + +     Faith    .   a - +0 robe
rPois    ∞         Spirit   .   (no helmet)
rElec    .         Reflect  .   (no cloak)
rCorr    .         Harm     .   (no gloves)
MR       .....                  (no boots)
Stlth    ++........             (no amulet)
HPRegen  0.00/turn              (no ring)
MPRegen  0.10/turn              (no ring)

@: very slightly contaminated, rotting
A: rotting body, claws 1, carnivore, cold resistance 1, negative energy
resistance 3, inhibited regeneration, torment resistance, unbreathing
a: no special abilities


You were on level 3 of the Dungeon.
You were not hungry.

You visited 1 branch of the dungeon, and saw 3 of its levels.

You collected 169 gold pieces.

Inventory:

Missiles
 d - 23 arrows
 g - 39 bolts
 h - 4 tomahawks
 i - 13 poisoned needles
 k - 2 stones (quivered)
Armour
 a - a +0 robe (worn)
Jewellery
 m - an uncursed amulet of guardian spirit {unknown}
Scrolls
 j - a scroll of enchant weapon {unknown}
Potions
 e - a potion of curing {unknown}
 f - 2 potions of haste {unknown}
 l - 2 potions of heal wounds {unknown}
Comestibles
 b - 11 chunks of flesh
 c - 2 rations


   Skills:
 - Level 1.7 Dodging
 - Level 2.1 Stealth
 + Level 2.8 Unarmed Combat
 - Level 2.1 Spellcasting
 - Level 4.4 Necromancy


You had 5 spell levels left.
You knew the following spells:

 Your Spells              Type           Power        Failure   Level  Hunger
a - Pain                  Necr           ##..         4%          1    ##.....
b - Animate Skeleton      Necr           N/A          4%          1    ##.....

Your spell library contained the following spells:

 Spells                   Type           Power        Failure   Level  Hunger
 Animate Dead             Necr           N/A          43%         4    #####..
 Vampiric Draining        Necr           ##........   14%         3    ####...
 Regeneration             Chrm/Necr      #.........   34%         3    ####...


Dungeon Overview and Level Annotations

Branches:
Dungeon (3/15)

Altars:


Innate Abilities, Weirdness & Mutations

Your body is rotting away.
You thrive on raw meat.
You are immune to poison.
You have sharp fingernails.
You are carnivorous and can eat meat at any time.
Your flesh is cold resistant. (rC+)
You are immune to negative energy. (rN+++)
You do not regenerate when monsters are visible.
You are immune to unholy pain and torment.
You can survive without breathing.


Message History

The orc wizard is heavily wounded.
The orc wizard hits you with a dagger.
You are too injured to fight recklessly!
You are too injured to fight recklessly!
You closely miss the orc wizard.
The orc wizard is heavily wounded.
The orc wizard hits you but does no damage.
The orc wizard hits you with a dagger.
You closely miss the orc wizard.
The orc wizard is heavily wounded.
The orc wizard hits you with a dagger.
An orc comes into view. It is wielding a hand axe.
You barely miss the orc wizard.
The orc wizard is heavily wounded.
The orc wizard hits you with a dagger. x2
* * * LOW HITPOINT WARNING * * *
The orc wizard hits you but does no damage.
The orc wizard gestures at you while chanting.
The puff of flame hits you!
You die...

#.....#.#.).###...
#o....#.#.........
#.....#.#.....##.
#.....#..<#.......
#.#'#.##......#...
#.#...#...#>......
#.#####.....#.#...
#.oo..#.#.###.# ..
#..##@#.#.....# .
#..##.#.#######
#..##.#........
#..............
#.#............
#.#............
#.#............
#.#............
#.#............


You could see an orc wizard and an orc.

Vanquished Creatures
  2 adders (D:2)
  A leopard gecko (D:2)
  An orc (D:3)
  2 giant cockroaches
  3 hobgoblins
  4 jackals (D:1)
  6 kobolds
  A quokka (D:2)
  2 ball pythons
  7 bats
  2 frilled lizards (D:1)
  4 goblins
  5 rats
40 creatures vanquished.

Notes
Turn   | Place    | Note
-------+----------+-------------------------------------------
     0 | D:1      | Oravi the Ghoul Necromancer began the quest for the Orb.
     0 | D:1      | Reached XP level 1. HP: 14/14 MP: 2/2
   204 | D:1      | Reached XP level 2. HP: 16/20 MP: 0/3
   207 | D:1      | Learned a level 1 spell: Animate Skeleton
   984 | D:1      | You fall through a shaft!
  1029 | D:2      | Reached skill level 1 in Unarmed Combat
  1029 | D:2      | Reached XP level 3. HP: 22/26 MP: 0/5
  1717 | D:2      | Reached XP level 4. HP: 28/33 MP: 4/6
  1883 | D:3      | Killed from afar by an orc wizard

Skill      XL: |  1  2  3 |
---------------+----------+-----
Spellcasting   | 2 |  2.1
Unarmed Combat | 1 2 |  2.8
Dodging        | |  1.7
Stealth        | |  2.1
Necromancy     | |  4.4

Action                   |  1- 3 |  4- 6 || total
-------------------------+-------+-------++-------
Melee: Unarmed           |    72 |     7 ||    79
Throw: Stone             |     7 |       ||     7
 Cast: Pain              |    64 |     8 ||    72
       Animate Skeleton  |     3 |       ||     3
  Use: Potion            |     4 |       ||     4
       Scroll            |     3 |       ||     3
  Eat: Chunk             |     5 |       ||     5
Armor: Robe              |    25 |     3 ||    28
Dodge: Dodged            |    88 |     5 ||    93
